 Dungeon Crawl Stone Soup version 0.21.0-37-g46506fa (webtiles) character file.

273 PetePOT the Skirmisher (level 6, 0/56 HPs)
             Began as a Minotaur Berserker on Jan 30, 2018.
             Was a Believer of Trog.
             Slain by a gnoll
             ... wielding a +0 spear
              (4 damage)
             ... on level 4 of the Dungeon.
             The game lasted 00:23:43 (1460 turns).

PetePOT the Skirmisher (Minotaur Berserker)         Turns: 1460, Time: 00:23:44

Health: 0/56       AC:  5    Str: 22    XL:     6   Next: 2%
Magic:  5/5        EV: 12    Int:  4    God:    Trog [**....]
Gold:   37         SH:  0    Dex: 11    Spells: 5/5 levels left

rFire    . . .     SeeInvis .   h - +0 flail
rCold    . . .     Gourm    .   (no shield)
rNeg     . . .     Faith    .   k - +0 ring mail
rPois    .         Spirit   .   (helmet restricted)
rElec    .         Reflect  .   (no cloak)
rCorr    .         Harm     .   (no gloves)
MR       ++...                  (no boots)
Stlth    +.........             (no amulet)
HPRegen  1.18/turn              (no ring)
MPRegen  0.09/turn              (no ring)

@: berserk cooldown, regenerating, slowed, very slow
A: retaliatory headbutt, horns 2
a: Berserk, Trog's Hand, Burn Spellbooks, Renounce Religion


You were on level 4 of the Dungeon.
You worshipped Trog.
Trog was pleased with you.
You were not hungry.

You visited 1 branch of the dungeon, and saw 4 of its levels.

You collected 37 gold pieces.

Inventory:

Hand Weapons
 a - a +0 short sword
 e - a +0 club
 f - a cursed -2 dagger
 h - a +0 flail (weapon)
Missiles
 g - 49 stones (quivered)
Armour
 b - a +0 animal skin
 i - a +0 leather armour
 k - a +0 ring mail (worn)
Scrolls
 j - a scroll of fear {unknown}
 l - a scroll of blinking {unknown}
 m - a scroll of teleportation {unknown}
Potions
 c - a potion of cancellation {unknown}
 d - a potion of berserk rage {unknown}
 o - a potion of heal wounds {unknown}
Comestibles
 n - a ration


   Skills:
 + Level 5.0 Fighting
 - Level 4.3 Short Blades
 * Level 2.8 Maces & Flails
 + Level 1.1 Throwing
 + Level 3.4 Armour
 + Level 3.5 Dodging
 + Level 0.3 Stealth


You had 5 spell levels left.
You didn't know any spells.

Dungeon Overview and Level Annotations

Branches:
Dungeon (4/15)
 Temple: D:4-7

Altars:
Ru


Innate Abilities, Weirdness & Mutations

You reflexively headbutt those who attack you in melee.
You have a pair of horns on your head.


Message History

You feel yourself slow down.
You feel the effects of Trog's Hand fading.
The gnoll hits you with a spear.
* * * LOW HITPOINT WARNING * * *
You see here a club.
Okay, then.
Okay, then.
Unknown command.
Unknown command.
Unknown command.
Unknown command.
Unknown command.
Unknown command.
Unknown command.
Unknown command.
Unknown command.
You hit the gnoll but do no damage. The gnoll hits you with a spear.
* * * LOW HITPOINT WARNING * * *
The gnoll hits you with a spear.
You die...

## #. #.
##.### ..
....# ....
#.#g##.....
#)#@.......
#.<)...#...
########


You could see a gnoll.

Vanquished Creatures
  An ogre (D:4)
  A gnoll shaman (D:4)
  A centaur skeleton (D:3)
  6 gnolls
  2 adders
  An ooze (D:2)
  A worm (D:3)
  2 dart slugs (D:3)
  2 leopard geckos (D:3)
  2 orcs (D:3)
  A ball python (D:3)
  A bat (D:3)
  3 giant cockroaches
  2 hobgoblins (D:3)
  9 jackals (D:3)
  6 kobolds
  4 frilled lizards
  2 rats
47 creatures vanquished.

Notes
Turn   | Place    | Note
-------+----------+-------------------------------------------
     0 | D:1      | PetePOT the Minotaur Berserker began the quest for the Orb.
     0 | D:1      | Reached XP level 1. HP: 19/19 MP: 0/0
   115 | D:2      | Reached skill level 4 in Fighting
   115 | D:2      | Reached XP level 2. HP: 27/27 MP: 1/1
   277 | D:3      | Found a faded altar of an unknown god.
   295 | D:3      | Reached XP level 3. HP: 26/33 MP: 2/2
   340 | D:3      | Reached XP level 4. HP: 8/40 MP: 3/3
   643 | D:3      | Found a sacrificial altar of Ru.
   720 | D:3      | Reached ** piety under Trog
  1447 | D:4      | Noticed an ogre
  1450 | D:4      | Reached XP level 5. HP: 47/47 MP: 4/4
  1450 | D:4      | Reached skill level 1 in Maces & Flails
  1455 | D:4      | Killed an ogre
  1455 | D:4      | Reached skill level 5 in Fighting
  1455 | D:4      | Reached skill level 1 in Throwing
  1458 | D:4      | Reached XP level 6. HP: 14/56 MP: 5/5
  1460 | D:4      | Slain by a gnoll

Skill      XL: |  1  2  3  4  5 |
---------------+----------------+-----
Fighting       | 4 5 |  5.0
Dodging        | 3 |  3.5
Short Blades   | 4 |  4.3
Maces & Flails | 2 |  2.8
Armour         | 3 |  3.4
Throwing       | 1 |  1.1
Stealth        | |  0.3

Action                   |  1- 3 |  4- 6 || total
-------------------------+-------+-------++-------
Melee: Short sword       |    39 |    13 ||    52
       Headbutt          |     5 |     9 ||    14
       Flail             |       |    34 ||    34
Throw: Stone             |     7 |    23 ||    30
Invok: Berserk           |     1 |     3 ||     4
       Trog's Hand       |       |     1 ||     1
  Eat: Ration            |     1 |     1 ||     2
Armor: Animal skin       |     4 |       ||     4
       Ring mail         |       |     6 ||     6
       Leather armour    |       |     4 ||     4
Dodge: Dodged            |    28 |    48 ||    76
